Cogmind - Beta 14 @@@ ROGUE MODE // 2025.03.13 @ 17:43:22 Player: potator Result: Destroyed by S-10 Pest with Light Assault Rifle Performance ------------- Evolutions (1) 500 Regions Visited (2) 400 Robots Destroyed (49) 245 Value Destroyed (1126) 1126 Prototype IDs (2) 40 Alien Tech Used (0) 0 Bonus (0) 0 TOTAL SCORE: 2311 Bonus ------- None Cogmind --------- Core Integrity 0/400 Matter 252/300 Energy 257/265 System Corruption 1% Temperature Warm (113) Movement Walking (260) Ox2 Location -9/Materials Parts ------- > --- POWER (1) -------- Improved Ion Engine > --- PROPULSION (2) --- Aluminum Leg > --- UTILITY (4) ------ Small Storage Unit Seismic Detector Targeting Computer Hacking Suite > --- WEAPON (2) ------- Heavy Particle Cannon Autogun > --- INVENTORY (8) ---- Weight Redist. System Structural Scanner Visual Processing Unit Signal Interpreter ECM Suite Faulty Heavy Particle Gun Heavy Particle Cannon EMP Blaster Peak State ------------ > --- POWER ------------ Improved Ion Engine > --- PROPULSION ------- Aluminum Leg Improved Aluminum Leg > --- UTILITY ---------- Small Storage Unit Seismic Detector Targeting Computer Hacking Suite > --- WEAPON ----------- Heavy Particle Cannon Heavy Particle Cannon > --- INVENTORY -------- Weight Redist. System Structural Scanner Visual Processing Unit Signal Interpreter Heavy Particle Gun Heavy Assault Rifle EMP Blaster [Rating: 18] Favorites ----------- Power Ion Engine Engine Ion Engine Power Core Light Nuclear Core Propulsion Aluminum Leg Leg Aluminum Leg Wheel Compact Wheel Flight Unit Flight Unit Utility Targeting Computer Device Seismic Detector Storage Small Storage Unit Processor Targeting Computer Hackware Hacking Suite Weapon Heavy Assault Rifle Energy Gun Medium Laser Energy Cannon Advanced Beam Cannon Ballistic Gun Heavy Assault Rifle Launcher EMP Blaster Build | -11 -10 -9 ------- Run | Yrd Mat Mat Slots Evolved 2 | . . 2 Power . | . . . Propulsion . | . . . Utility 2 | . . 2 Weapon . | . . . Parts Attached 60 | 6 18 36 Power 10 | 1 4 5 Engine 9 | 1 4 4 Core 1 | . . 1 Reactor . | . . . Propulsion 18 | 2 6 10 Treads . | . . . Leg 16 | 2 4 10 Wheel 1 | . 1 . Hover . | . . . Flight 1 | . 1 . Utility 13 | 1 5 7 Device 6 | . 2 4 Storage 2 | 1 1 . Processor 4 | . 2 2 Hackware 1 | . . 1 Protection . | . . . Artifact . | . . . Weapon 19 | 2 3 14 Energy Gun 3 | 2 1 . Energy Cannon 3 | . . 3 Ballistic Gun 11 | . 2 9 Ballistic Cannon . | . . . Launcher 2 | . . 2 Special Weapon . | . . . Impact Weapon . | . . . Slashing Weapon . | . . . Piercing Weapon . | . . . Special Melee Weapon . | . . . Unidentified Prototypes . | . . . Parts Lost 12 | . 5 7 Power 3 | . 1 2 Propulsion 5 | . 3 2 Utility 3 | . . 3 Weapon 1 | . 1 . Highest Loss Streak 3 | . 3 3 To Critical Strikes . | . . . Average Slot Usage (%) 96 | . 98 94 Engine 10 | . 13 8 Leg 23 | . 25 21 Device 12 | . 7 17 Storage 8 | . 6 11 Processor 12 | . 13 10 Hackware 1 | . . 2 Energy Gun 2 | . 4 . Energy Cannon 4 | . . 8 Ballistic Gun 17 | . 23 12 Peak Build Rating 18 | 6 10 18 Average Rating 11 | 4 9 13 On Entrance 5 | . 6 10 Naked Turns . | . . . Heaviest Build 25 | 11 16 25 Greatest Support 23 | 20 20 23 Greatest Overweight (x) 5 | 3 3 5 Average Overweight (x) . | . . . Largest Inventory Capacity 8 | 8 8 8 Average Capacity 7 | 7 6 8 Most Carried 8 | 3 8 8 Average Carried 6 | . 4 7 Final Capacity 8 | 8 8 8 Final Carried 8 | . 8 8 Class Distribution -------------------- 92% | Mutant 7% | Scavenger-Mutant Dominant Class ---------------- Mutant | -10/Materials Mutant | -9/Materials Resources | -11 -10 -9 ----------- Run | Yrd Mat Mat Matter Collected 1224 | 233 237 754 Remotely . | . . . Salvage Created 1432 | . 441 991 Parts 112 | . 37 75 Haulers Intercepted . | . . . Recyclers Shooed . | . . . Parts Field Recycled . | . . . Retrieved Matter . | . . . Parts Self-Destructed . | . . . Prevented . | . . . Kills | -11 -10 -9 ------- Run | Yrd Mat Mat Combat Hostiles Destroyed 39 | . 13 26 Guns 24 | . 12 12 Cannons 12 | . . 12 AOE 3 | . 1 2 Classes Destroyed 7 | . 5 2 Worker 1 | . . 1 Builder 1 | . 1 . Recycler 1 | . 1 . Watcher 7 | . 3 4 Swarmer 19 | . 9 10 Grunt 14 | . 4 10 Sentry 6 | . . 6 Best Kill Streak 4 | . 4 4 Combat Bots Only 4 | . 3 4 Max Kills in Single Turn 2 | . 2 2 Gunslinging 1 | . 1 1 Exploded 1 | . 1 1 Melee . | . . . Uniques/NPCs Destroyed . | . . . Combat | -11 -10 -9 -------- Run | Yrd Mat Mat Hostile Shots Fired 266 | . 56 210 Missed 82 | . 18 64 Damage Taken 2130 | . 515 1615 Core 488 | . 82 406 Absorbed by Shields 89 | . 31 58 Regen/Repaired (Parts) 92 | . . 92 Core Remaining (%) 83 | 100 67 . Volleys Fired 118 | . 35 83 Largest 2 | . 2 2 Hottest 150 | . 90 150 Shots Fired 233 | . 69 164 Gun 186 | . 69 117 Cannon 45 | . . 45 Launcher 2 | . . 2 Special . | . . . Kinetic 167 | . 50 117 Thermal 64 | . 19 45 Explosive . | . . . Electromagnetic 2 | . . 2 Robot Hit Streak 16 | . 6 16 Robot Miss Streak 5 | . 5 3 Penetration Max . | . . . Secondary Targets 4 | . 2 2 Max Gunslinging Chain 1 | . 1 1 Shots Hit Robots 135 | . 29 106 Core Hits 58 | . 19 39 Critical Kills . | . . . Critical Parts Destroyed 1 | . 1 . Critical Strikes 1 | . 1 . Destroy 1 | . 1 . Melee Attacks . | . . . Impact . | . . . Slashing . | . . . Piercing . | . . . Sneak Attacks . | . . . Combat Hostiles . | . . . Follow-up Attacks . | . . . Damage Inflicted 2571 | . 665 1906 Guns 1649 | . 441 1208 Cannons 599 | . . 599 Explosions 323 | . 224 99 Melee . | . . . Ramming . | . . . Kinetic 1568 | . 360 1208 Thermal 680 | . 81 599 Explosive 224 | . 224 . Electromagnetic 99 | . . 99 Impact . | . . . Slashing . | . . . Piercing . | . . . Highest Corruption 1 | . . 1 Average Corruption 1 | . . 1 Corruption Purged . | . . . Corruption Blocked . | . . . Effects 4 | . . 4 Matter Fused 1 | . . 1 Energy Discharges 1 | . . 1 Data Loss (major) 2 | . . 2 Overload Shots . | . . . Overflow Damage 93 | . 83 10 Projectiles 10 | . . 10 Explosions 83 | . 83 . Melee . | . . . Knockbacks . | . . . Impact . | . . . Kinetic . | . . . Secondary . | . . . Self-Inflicted Damage 202 | . 202 . Shots 2 | . 2 . Rammed . | . . . Targets Rammed . | . . . Kicked . | . . . Crushed . | . . . Highest Temperature 473 | . 150 473 Average Temperature 90 | . 47 102 Received Heat Transfer 589 | . 74 515 Effects 3 | . . 3 Shutdowns 1 | . . 1 Energy Bleed 1 | . . 1 Damage (minor) 1 | . . 1 Siege Activations . | . . . Robots Corrupted . | . . . Combat Hostiles . | . . . Parts Fried . | . . . Impact Corruptions . | . . . Robots Melted . | . . . Combat Hostiles . | . . . Parts Melted 3 | . . 3 Heat Transferred 1185 | . 223 962 Parts Sabotaged . | . . . Parts Stolen . | . . . Parts Stripped . | . . . Power Chain Reactions . | . . . Alert | -11 -10 -9 ------- Run | Yrd Mat Mat Peak Influence 348 | . 188 348 Initial 79 | . . 79 Average 136 | . 116 160 Maximum Alert Level 1 | . . 1 Low Security (%) 85 | 100 100 70 Level 1 14 | . . 29 Level 2 . | . . . Level 3 . | . . . Level 4 . | . . . Level 5 . | . . . High Security . | . . . Max Security . | . . . Squads Dispatched 5 | . 2 3 Investigation 2 | . 1 1 Extermination . | . . . Reinforcement 3 | . 1 2 Assault . | . . . Garrison . | . . . Intercept . | . . . Searches Triggered . | . . . Construction Impeded . | . . . Haulers Reinforced . | . . . Active Scanning Responses . | . . . Cargo Convoy Interrupts . | . . . Stealth | -11 -10 -9 --------- Run | Yrd Mat Mat Distress Signals 3 | . 1 2 Communications Jammed . | . . . Distress Signals . | . . . Times Spotted 58 | . 22 36 Peak Tracking Total 5 | . 4 5 Tactical Retreats 1 | . 1 . Traps | -11 -10 -9 ------- Run | Yrd Mat Mat Traps Triggered 2 | . 1 1 Indirectly . | . . . Trap Hack Attempts . | . . . Triggered . | . . . Disarmed . | . . . Reprogrammed . | . . . Reused . | . . . Traps Extracted . | . . . Installed . | . . . Triggered . | . . . Machines | -11 -10 -9 ---------- Run | Yrd Mat Mat Machines Disabled 4 | . 3 1 Max in Single Turn 2 | . 2 1 Machines Repaired . | . . . Machines Dismantled . | . . . Machines Sabotaged . | . . . Overloaded Fab Kills . | . . . Hacking | -11 -10 -9 --------- Run | Yrd Mat Mat Machines Accessed 12 | . 7 5 Terminals 10 | . 6 4 Fabricators . | . . . Repair Stations 1 | . . 1 Recycling Units 1 | . 1 . Scanalyzers . | . . . Garrison Access . | . . . Total Hacks 50 | . 29 21 Successful 28 | . 16 12 Failed 22 | . 13 9 Catastrophic 5 | . 1 4 Database Lockouts . | . . . Manual . | . . . Terminals 41 | . 25 16 Fabricators . | . . . Repair Stations 5 | . . 5 Recycling Units 4 | . 4 . Scanalyzers . | . . . Garrison Access . | . . . Terminal Hacks 20 | . 13 7 Record 4 | . . 4 Robot Analysis 1 | . . 1 Prototype ID Bank 1 | . 1 . Alert Level 3 | . 2 1 Unreport Threat 1 | . . 1 Locate Traps 2 | . 2 . Dispatch Records 1 | . 1 . Maintenance Status 1 | . 1 . Patrol Status 2 | . 2 . Investigation Status 1 | . 1 . Reinforcement Status 1 | . 1 . Hauler Manifests 1 | . 1 . Zone Layout 1 | . 1 . Fabricator Hacks . | . . . Repair Station Hacks 5 | . . 5 Scan Component 2 | . . 2 Repair 2 | . . 2 Refit 1 | . . 1 Recycling Unit Hacks 3 | . 3 . Report Inventory 1 | . 1 . Retrieve Components 2 | . 2 . Scanalyzer . | . . . Garrison Access Hacks . | . . . Unauthorized Hacks . | . . . Terminals . | . . . Fabricators . | . . . Repair Stations . | . . . Recycling Units . | . . . Scanalyzers . | . . . Garrison Access . | . . . Data Cores Recovered . | . . . Used . | . . . Hacking Detections 11 | . 6 5 Full Trace Events 8 | . 5 3 Feedback Events 1 | . . 1 Corruption 1 | . . 1 Feedback Blocked . | . . . Robot Schematics Acquired . | . . . Robots Built . | . . . Authchips . | . . . Time . | . . . Total Robot Build Rating . | . . . Part Schematics Acquired . | . . . Parts Built . | . . . Authchips . | . . . Time . | . . . Total Part Build Rating . | . . . Parts Repaired 2 | . . 2 Time 58 | . . 58 Parts Recycled . | . . . Recycled Matter . | . . . Retrieved Matter . | . . . Retrieved Components 2 | . 2 . Parts Scanalyzed . | . . . Part Schematics Acquired . | . . . Parts Damaged . | . . . Bothacking | -11 -10 -9 ------------ Run | Yrd Mat Mat Used RIF Installer . | . . . Robots Hacked . | . . . Non-combat . | . . . Combat . | . . . Robot Hacks Applied . | . . . Relay Couplers Released . | . . . Fabnet Peak Effective % . | . . . Robots Rewired . | . . . Allies Hacked . | . . . Hacks Repelled . | . . . Allies | -11 -10 -9 -------- Run | Yrd Mat Mat Total Allies . | . . . Largest Group . | . . . Highest-Rated Group . | . . . Highest-Rated Ally . | . . . Total Orders . | . . . Ally Attacks . | . . . Total Damage . | . . . Kills . | . . . Allies Corrupted . | . . . Allies Melted . | . . . Intel | -11 -10 -9 ------- Run | Yrd Mat Mat Robot Analysis Total 1 | . . 1 Derelict Logs Recovered . | . . . Drone Launches . | . . . Drone Recoveries . | . . . Exploration | -11 -10 -9 ------------- Run | Yrd Mat Mat Turns Passed 2400 | 49 1151 1200 Spaces Moved 1474 | 32 816 626 Core 16 | 10 4 2 Treads . | . . . Legs 1411 | 22 765 624 Wheels 44 | . 44 . Hover . | . . . Flight 3 | . 3 . Fastest Speed 50 | 50 100 120 Average Speed 121 | 118 119 124 Slowest Speed 300 | 200 200 300 Overloaded Moves . | . . . Propulsion Burnouts . | . . . Robots Hopped . | . . . Cave-ins Triggered . | . . . Exploration Rate (%) 52 | 3 92 61 Regions Visited 2 Branch Regions . Pre-discovered Areas . | . . . Known Exits Taken . | . . . Unknown Exits Taken 2 | 1 1 . Scrap Searched . | . . . Spaces Dug . | . . . Terrain Destroyed 30 | . 23 7 Melee . | . . . Projectile 7 | . . 7 AOE 23 | . 23 . Terrain Rammed . | . . . Walls Destroyed . | . . . Machines Disabled . | . . . Actions | -11 -10 -9 --------- Run | Yrd Mat Mat Total 1848 | 43 921 884 Wait 135 | . 27 108 Move 1472 | 31 815 626 Hop . | . . . Pick Up 43 | 6 20 17 Fast Attach 4 | . 1 3 Attach 24 | 6 8 10 Detach 1 | . . 1 Swap 32 | . 9 23 Drop 19 | . 6 13 Fire 118 | . 35 83 Melee . | . . . Ram . | . . . Kick . | . . . Crush . | . . . Escape Stasis . | . . . Rewire . | . . . Trap . | . . . Miscellaneous . | . . . Route ------- -11/Scrapyard -10/Materials (discovered 2 exits: *Mat / [*Min]) -9/Materials (discovered 5 exits: [*Mat x3] / [*Min] / [*Sto]) History --------- Turn | Location | Event 5 | -11/Scrapyard | Discovered new exit (range 15) 50 | -11/Scrapyard | Entered Materials 189 | -10/Materials | Lost 3 parts (1p2n) 300 | -10/Materials | Discovered new exit (range 7) 312 | -10/Materials | Build established: Mutant 565 | -10/Materials | Discovered new exit (range 13) 1201 | -10/Materials | Entered another Materials area 1201 | -9/Materials | Evolved 2 slots: Utility x2 1549 | -9/Materials | Core integrity fell below 50% 1567 | -9/Materials | Lost 3 parts (1p1n1u) 1613 | -9/Materials | Discovered new exit (range 8) 1835 | -9/Materials | Discovered new exit (range 11) 1908 | -9/Materials | Core integrity fell below 20% 1934 | -9/Materials | Repaired Seismic Detector 1966 | -9/Materials | Repaired Hvy. Assault Rifle 2005 | -9/Materials | Discovered new exit (range 10) 2153 | -9/Materials | Discovered new exit (range 11) 2291 | -9/Materials | Discovered new exit (range 15) 2401 | -9/Materials | Destroyed by S-10 Pest with Light Assault Rifle Last Messages --------------- S-10 Pest destroyed. Processing Tank disabled. S-10 Pest destroyed. Acquired 19 matter. Flight Unit melted. S-10 Pest destroyed. Acquired 13 matter. EXIT=FOUND W-16 Scout destroyed. System corrupted: Energy discharge (-79). K-01 Serf collects debris. S-10 Pest destroyed. K-01 Serf collects debris. System corrupted: Substantial component data lost. K-01 Serf collects debris. Destroyed Lgt. Ion Engine. S-10 Pest destroyed. Imp. Aluminum Leg destroyed. Destroyed Lgt. Ion Engine. Map ----- +----------------------------------------------------+ | #??????????????????????#|| # """ #?????????? | | ???????????????????????#"" < # #?????????? | | ???????????????????????#|| # """ #???####??? | | ???????????????????????#"" # """ #??##!!!!?? | | ???????????????????????#" # """ #??#! ?? | | ???????????????????????#### ## #??# ? | | ?????????????????????????## "############ # | | ?????????????????????????? ?????? | | ?????????????????????????? ?????? | | ?????????????????????????? ?????? | | ??????????????????????????# ##???????########### | | ?????????????????????????## #?????????# | | ??????????????????????????" !*#?????????# | | ??????????????????????????# !%#?????????# | | ??????????????????????????# !=#?????????# | | ??????????????????????????#[% #?????????# | | ??????????????????????????# = #??######## | | ??????????????????????????# #??#* # | | ??????????????????????????# #??# # | | ??????????????????????????# #??# [[! ########## | | ??????????????????????????# #??# [[ ## ??? | | ??????????????????????????# #??# [! ## """"" | | ??????????????????????????# ##?# ## """"" | | ????????????????########### "#####+##### """"" | | ????????????????# # #### | | ????????????????# """ [@# + """"" | | ?????????????????""""" %=s# #### """"" | | ?????????????????""""" =[+ #??# "" "" | | ?????????????????""""" # #??# | | ????????????????? """ # ######="#### | | ????????????????# !# % ==* | | ????????????????# # ## | | ????????????????########### # | | ??????????????????????????# + | | ??????????????????????????# ################### | | ??????????????????????????# #?????????????????# | | ??????????????????????????# < #?????????????????# | | ??????????????????????????# #?????????????????# | | ??????????????????????????#####?????????????????# | | ????????????????????????????????????????????????# | | ????????????????????????????????????????????????# | | ????????????????????????????????????????????????## | | ?????????????????????????????????????????????????? | | ?????????????????????????????????????????????????? | | ?????????????????????????????????????????????????? | | ?????????????????????????????????????????????????? | | ?????????????????????????????????????????????????? | | ?????????????????????????????????????????????????? | | ?????????????????????????????????????????????????? | | ?????????????????????????????????????????????????? | +----------------------------------------------------+ Best States ------------- Heat Dissipation 28 Energy Generation 14 Energy Capacity 265 Matter Stores 300 Matter Capacity 300 Sight Range 16 Robot Scan Range 14 Terrain Scan Density 10 Evasion (%) 55 Targeting Accuracy 6 Offensive Hacking 10 Item Schematics ----------------- None Robot Schematics ------------------ None Fabricated ------------ Nothing Alien Tech Used ----------------- None Achievements -------------- None Challenges ------------ None Game ------ Seed TeleporterRingVibroblade Manual? 0 Play Time 00:34:34 Cumulative 4.5 hours Start 2025.03.13 @ 17:09:47 End 2025.03.13 @ 17:43:22 Sessions 1 Manual Loads 0 Difficulty Rogue Special Mode None Game No. 13 Rogue 13 Adventurer 0 Explorer 0 Win Type - Total 0 Types 0/0/0/0/0/0/0/0/0 Lore% 4 Gallery% 9 Achievement% 10 Wizard Run 0 Options --------- Layout 1 ASCII 0 Keyboard 0 Movement Mouse Keybinds 0 Fullscreen 2 Font 24/Smallcaps Map View 50x35 Zoom Use 0% Tactical HUD 0 Map Filters NONE Filters NONE Steam 1 RUN: 3dac7922-c2bd-4666-be35-37f8ea595f47